 Dungeon Crawl Stone Soup version 0.27.1-33-g824d729ab1 (webtiles) character file.

Game seed: 943859509160660562

39 zeram the Caller (level 3, -2/25 HPs)
             Began as a Gnoll Summoner on Nov 25, 2021.
             Slain by an orc (4 damage)
             ... on level 2 of the Dungeon.
             The game lasted 00:03:43 (2069 turns).

zeram the Caller (Gnoll Summoner)                   Turns: 2069, Time: 00:03:44

Health: -2/25      AC:  2    Str:  7    XL:     3   Next: 47%
Magic:  0/9        EV: 13    Int: 15    God:
Gold:   46         SH:  0    Dex: 12    Spells: 6/12 levels left

rFire    . . .     SeeInvis .   b - +0 club
rCold    . . .     Faith    .   (no shield)
rNeg     . . .     Spirit   +   a - +0 robe
rPois    .         Reflect  .   (no helmet)
rElec    .         Harm     .   (no cloak)
rCorr    .         Rampage  .   (no gloves)
Will     .....                  (no boots)
Stlth    ++........             c - amulet of guardian spirit
HPRegen  0.08/turn              (no ring)
MPRegen  0.11/turn              (no ring)

@: no status effects
A: fangs 1, strong nose, distributed training
a: no special abilities


You were on level 2 of the Dungeon.
You visited 1 branch of the dungeon, and saw 2 of its levels.

You collected 46 gold pieces.

Inventory:

Hand Weapons
 b - a +0 club (weapon)
Armour
 a - a +0 robe (worn)
 e - a +0 chain mail of fire resistance
Jewellery
 c - an amulet of guardian spirit (around neck)
Scrolls
 f - a scroll of immolation {unknown}
 g - a scroll of identify {unknown}
Potions
 d - a potion of curing {unknown}


   Skills:
 + Level 0.8 Fighting
 + Level 0.8 Short Blades
 + Level 0.8 Long Blades
 + Level 0.8 Axes
 + Level 0.8 Maces & Flails
 + Level 0.8 Polearms
 + Level 0.8 Staves
 + Level 0.8 Slings
 + Level 0.8 Bows
 + Level 0.8 Crossbows
 + Level 0.8 Throwing
 + Level 0.8 Armour
 + Level 4.5 Dodging
 + Level 4.1 Stealth
 + Level 0.8 Shields
 + Level 0.8 Unarmed Combat
 + Level 5.0 Spellcasting
 + Level 0.5 Conjurations
 + Level 0.5 Hexes
 + Level 7.1 Summonings
 + Level 0.5 Necromancy
 + Level 0.5 Translocations
 + Level 0.5 Transmutations
 + Level 0.5 Fire Magic
 + Level 0.5 Ice Magic
 + Level 0.5 Air Magic
 + Level 0.5 Earth Magic
 + Level 0.5 Poison Magic
 + Level 1.0 Invocations
 + Level 0.8 Evocations


You had 6 spell levels left.
You knew the following spells:

 Your Spells              Type           Power      Damage    Failure   Level
a - Summon Small Mammal   Summ           100%       N/A       1%          1
b - Call Imp              Summ           25%        N/A       1%          2
c - Call Canine Familiar  Summ           25%        N/A       2%          3

Your spell library contained the following spells:

 Spells                   Type           Power      Damage    Failure   Level
 Summon Guardian Golem    Hex/Summ       15%        N/A       10%         3
 Summon Lightning Spire   Summ/Air       15%        N/A       32%         4
 Inner Flame              Hex/Fire       5%         N/A       36%         3
 Silence                  Hex/Air        2%         N/A       98%         5
 Disjunction              Tloc           2%         N/A       100%        8


Dungeon Overview and Level Annotations

Branches:
Dungeon (2/15)

Altars:


Innate Abilities, Weirdness & Mutations

You have very sharp teeth.
Your uncanny sense of smell can sniff out nearby items.
Your experience applies equally to all skills.


Message History

Your shadow imp dies!
Your shadow imp disappears in a puff of smoke!
You hear a shout!
You closely miss something.
The orc wizard hits your white imp but does no damage.
Something hits you.
The orc wizard gestures wildly while chanting.
The orc wizard flickers and vanishes!
Something hits you.
Casting: Call Imp (safe; 1% risk of failure)
Confirm with . or Enter, or press ? or * to list all spells.
You don't know that spell.
Casting: Call Imp (safe; 1% risk of failure)
Confirm with . or Enter, or press ? or * to list all spells.
The orc hits you with a +4 short sword of flaming.
The orc burns you.
Something hits your white imp but does no damage.
Something barely misses you.
You closely miss the orc.
The orc hits you with a +4 short sword of flaming.
The orc burns you.
* * * LOW HITPOINT WARNING * * *
The kobold throws a stone.
Something barely misses your white imp.
Your white imp hits the orc.
Your white imp freezes the orc.
Something hits you.
* * * LOW HITPOINT WARNING * * *
Your hound bites something.
The kobold hits your hound with a +0 short sword.
Your hound misses the kobold. Something hits your white imp.
You closely miss the orc. You bite the orc, but do no damage.
The orc is almost dead.
Your hound bites the kobold.
The kobold dies!
The orc hits you with a +4 short sword of flaming.
* * * LOW HITPOINT WARNING * * *
The orc burns you.
* * * LOW HITPOINT WARNING * * *
Your white imp barely misses the orc.
Something hits your white imp but does no damage.
The orc hits you with a +4 short sword of flaming.
You die...

# .........#
##<.###........... #
.........# ##÷###...##......
#
.........#####.#...####......
.........##...........##.....
....#####........#.##.......#
.#######..##.....#...#####..#
......##......##..## ##.. ∆
.......##..†....##..## ##.
........#.@...##..##..## #.
........h5ol.##.)..##..###.
......).{...##†.##..##..###
...........##.... #..##...)
......####..##.. #..##...
...... #..# ... #..##.)
...... #..# ∆ ##.. #..##.
..... #..# ∆ #.. #. ## ###..
##. .## .


You could see an orc (ally target), a frilled lizard, a friendly hound
(summoned) and a friendly white imp (summoned).

Vanquished Creatures
  A dart slug (D:1)
  5 bats
  2 endoplasms (D:1)
  A giant cockroach (D:2)
  3 goblins (D:1)
  A kobold (D:1)
  A quokka (D:1)
  A ball python (D:1)
  2 frilled lizards (D:1)
  5 rats
22 creatures vanquished.

Vanquished Creatures (collateral kills)
  A worm (D:2)
  2 orcs (D:2)
  2 endoplasms (D:1)
  A giant cockroach (D:1)
  2 goblins
  2 hobgoblins
  2 quokkas (D:1)
  2 ball pythons (D:1)
  A bat (D:1)
  A kobold (D:2)
  3 rats (D:1)
19 creatures vanquished.

Grand Total: 41 creatures vanquished

Notes
Turn   | Place    | Note
-------+----------+-------------------------------------------
     0 | D:1      | zeram the Gnoll Summoner began the quest for the Orb.
     0 | D:1      | Reached XP level 1. HP: 13/13 MP: 6/6
   565 | D:1      | Reached XP level 2. HP: 15/19 MP: 2/7
   584 | D:1      | Learned a level 2 spell: Call Imp
  1401 | D:1      | Reached XP level 3. HP: 21/25 MP: 7/9
  1405 | D:1      | Learned a level 3 spell: Call Canine Familiar
  1589 | D:1      | Reached skill level 5 in Spellcasting
  1644 | D:1      | Got the Tome of the Invisible Shrikes
  2011 | D:2      | Reached skill level 1 in Invocations
  2069 | D:2      | Slain by an orc

Illustrated notes

Levels and vault maps discovered:
D:1:      dpeg_arrival_radiant, layout_loops_ring, grunt_decor_fettered
D:2:      minmay_alternating_diamond, layout_rooms, serial_shops,
          shop_fountains, dreamdust_ecumenical_altar_drowned_temple

Skill      XL: |  1  2  3 |
---------------+----------+-----
Spellcasting   | 5 |  5.0
Invocations    | 1 |  1.0
Fighting       | |  0.8
Short Blades   | |  0.8
Long Blades    | |  0.8
Axes           | |  0.8
Maces & Flails | |  0.8
Polearms       | |  0.8
Staves         | |  0.8
Slings         | |  0.8
Bows           | |  0.8
Crossbows      | |  0.8
Throwing       | |  0.8
Armour         | |  0.8
Dodging        | |  4.5
Stealth        | |  4.1
Shields        | |  0.8
Unarmed Combat | |  0.8
Conjurations   | |  0.5
Hexes          | |  0.5
Summonings     | |  7.1
Necromancy     | |  0.5
Translocations | |  0.5
Transmutations | |  0.5
Fire Magic     | |  0.5
Ice Magic      | |  0.5
Air Magic      | |  0.5
Earth Magic    | |  0.5
Poison Magic   | |  0.5
Evocations     | |  0.8

Action                   || total
-------------------------++-------
Melee: Club              ||   108
       Unarmed           ||     5
       Bite              ||     7
 Cast: Summon Small Mamm ||    16
       Call Imp          ||    16
       Call Canine Famil ||     1
 Stab: Sleeping          ||     4
       Distracted        ||     2
Armor: Robe              ||    28
Dodge: Dodged            ||   123
